General information
- name: BNet
- type: Ladder team game (AT/RT)
- host: Battle.net
- saver: SIMCITYGOD
map: GolemsInTheMist
- players: 8
- length: 18:41
- speed: Fast
- version: 1.26 W3XP
- replay type: Public
» download(152 KB)
Players
team 1 (winner)
NoPeaCe. (
red | 101 APM | 1892 actions | 18:40)
4 Death Knight
2 Death Coil
2 Unholy Aura
3 Lich
2 Frost Nova
1 Frost Armor
» actions
| Assign group hotkey | 15 | |
| Basic commands | 2 | |
| Build / train | 50 | |
| Enter build submenu | 14 | |
| Enter hero's abilities submenu | 7 | |
| Right click | 749 | |
| Select / deselect | 190 | |
| Select group hotkey | 780 | |
| Use ability | 85 | |
1892 total
» units
| Acolyte | 4 | |
| Ghoul | 4 | |
| Crypt Fiend | 10 | |
| Frost Wyrm | 7 | |
25 total
» upgrades
| Burrow | 1 | |
| Creature Attack | 2 | |
| Creature Carapace | 1 | |
| Freezing Breath | 1 | |
| Web | 1 | |
6 total
» buildings
| Graveyard | 1 | |
| Crypt | 1 | |
| Altar of Darkness | 1 | |
| Ziggurat | 7 | |
| Tomb of Relics | 1 | |
| Nerubian Tower | 1 | |
| Halls of the Dead | 4 | |
| Black Citadel | 1 | |
| Sacrificial Pit | 1 | |
| Boneyard | 2 | |
20 total
» build order
00:05 Graveyard
00:12 Crypt
00:41 Altar of Darkness
01:01 Ziggurat
01:26 Tomb of Relics
02:00 Ziggurat
02:33 Nerubian Tower
03:40 Halls of the Dead
03:40 Halls of the Dead
03:41 Halls of the Dead
05:25 Ziggurat
07:02 Black Citadel
07:42 Sacrificial Pit
07:47 Ziggurat
09:27 Boneyard
09:35 Boneyard
09:38 Ziggurat
09:40 Ziggurat
13:22 Ziggurat
» items
| Rod of Necromancy | 1 | |
| Potion of Healing | 1 | |
| Lesser Clarity Potion | 1 | |
| Scroll of Town Portal | 1 | |
4 total

»
dannyglover (
teal | 49 APM | 916 actions | 18:40)
4 Demon Hunter
2 Mana Burn
2 Evasion
» actions
| Assign group hotkey | 84 | |
| Basic commands | 12 | |
| Build / train | 57 | |
| Enter build submenu | 15 | |
| Enter hero's abilities submenu | 4 | |
| Give item / drop item | 1 | |
| Remove unit from queue | 1 | |
| Right click | 449 | |
| Select / deselect | 213 | |
| Select group hotkey | 38 | |
| Use ability | 42 | |
916 total
» units
| Wisp | 18 | |
| Archer | 8 | |
| Dryad | 6 | |
| Druid of the Claw | 9 | |
| Huntress | 1 | |
42 total
» upgrades
| Abolish Magic | 1 | |
| Strength of the Wild | 2 | |
| Druid of the Claw Training | 2 | |
| Reinforced Hides | 1 | |
6 total
» buildings
| Moon Well | 6 | |
| Altar of Elders | 1 | |
| Ancient of War | 1 | |
| Tree of Ages | 2 | |
| Hunter's Hall | 1 | |
| Ancient of Lore | 2 | |
| Tree of Eternity | 1 | |
| Tree of Life | 1 | |
15 total
» build order
00:20 Moon Well
00:34 Altar of Elders
00:50 Ancient of War
01:43 Moon Well
02:33 Tree of Ages
02:33 Tree of Ages
03:10 Moon Well
03:47 Hunter's Hall
04:41 Moon Well
05:00 Ancient of Lore
05:03 Ancient of Lore
08:13 Moon Well
08:49 Tree of Eternity
09:36 Moon Well
10:33 Tree of Life

»
Rottweiler83 (
pink | 46 APM | 857 actions | 18:40)
4 Blademaster
2 Wind Walk
2 Critical Strike
1 Tauren Chieftain
1 Endurance Aura
3 Shadow Hunter
2 Healing Wave
1 Hex
» actions
| Assign group hotkey | 20 | |
| Build / train | 50 | |
| ESC pressed | 2 | |
| Enter build submenu | 17 | |
| Enter hero's abilities submenu | 8 | |
| Give item / drop item | 1 | |
| Right click | 322 | |
| Select / deselect | 205 | |
| Select group hotkey | 184 | |
| Use ability | 48 | |
857 total
» units
| Peon | 9 | |
| Grunt | 12 | |
| Goblin Shredder | 1 | |
| Shaman | 4 | |
26 total
» upgrades
| Melee Weapons | 1 | |
| Armor | 1 | |
| Spiked Barricades | 1 | |
| Berserker Strength | 1 | |
| Shaman Training | 2 | |
| Pillage | 1 | |
7 total
» buildings
| Orc Burrow | 5 | |
| Altar of Storms | 1 | |
| Barracks | 1 | |
| War Mill | 2 | |
| Voodoo Lounge | 1 | |
| Stronghold | 1 | |
| Watch Tower | 3 | |
| Fortress | 1 | |
| Spirit Lodge | 2 | |
| Tauren Totem | 2 | |
19 total
» build order
00:07 Orc Burrow
00:16 Altar of Storms
00:33 Barracks
01:46 Orc Burrow
02:28 War Mill
04:04 Voodoo Lounge
04:45 Stronghold
04:50 Orc Burrow
06:00 Watch Tower
07:06 Watch Tower
07:39 Orc Burrow
08:00 Fortress
08:20 Spirit Lodge
08:53 Spirit Lodge
11:06 War Mill
14:33 Watch Tower
15:35 Tauren Totem
17:36 Tauren Totem
18:02 Orc Burrow
» items
| Healing Salve | 1 | |
| Scroll of Speed | 1 | |
| Scroll of Town Portal | 1 | |
| Tiny Great Hall | 1 | |
4 total
SIMCITYGOD (
purple | 60 APM | 1123 actions | 18:41)
3 Blood Mage
2 Flame Strike
1 Banish
» actions
| Assign group hotkey | 6 | |
| Basic commands | 2 | |
| Build / train | 48 | |
| Enter build submenu | 77 | |
| Enter hero's abilities submenu | 3 | |
| Remove unit from queue | 1 | |
| Right click | 607 | |
| Select / deselect | 273 | |
| Select group hotkey | 43 | |
| Use ability | 63 | |
1123 total
» units
| Peasant | 20 | |
| Footman | 2 | |
| Rifleman | 2 | |
| Goblin Zeppelin | 2 | |
26 total
» upgrades
| Masonry | 2 | |
| Lumber Harvesting | 1 | |
3 total
» buildings
| Lumber Mill | 3 | |
| Barracks | 10 | |
| Blacksmith | 1 | |
| Farm | 8 | |
| Arcane Vault | 4 | |
| Altar of Kings | 2 | |
| Scout Tower | 16 | |
| Guard Tower | 10 | |
| Keep | 1 | |
| Town Hall | 4 | |
| Workshop | 1 | |
| Cannon Tower | 2 | |
| Arcane Sanctum | 3 | |
| Gryphon Aviary | 2 | |
67 total
» build order
00:21 Lumber Mill
01:17 Barracks
01:39 Blacksmith
01:53 Barracks
02:14 Farm
02:48 Farm
02:55 Farm
03:00 Arcane Vault
03:16 Altar of Kings
03:19 Farm
03:27 Scout Tower
03:40 Scout Tower
03:54 Arcane Vault
04:00 Farm
04:02 Guard Tower
04:04 Scout Tower
04:11 Barracks
04:14 Barracks
04:34 Lumber Mill
04:39 Guard Tower
04:53 Guard Tower
05:31 Arcane Vault
06:20 Barracks
06:40 Keep
06:45 Barracks
07:35 Lumber Mill
08:01 Town Hall
08:15 Arcane Vault
08:48 Scout Tower
08:56 Scout Tower
09:01 Scout Tower
09:07 Town Hall
09:28 Workshop
09:31 Guard Tower
09:38 Barracks
10:09 Scout Tower
10:11 Scout Tower
10:30 Town Hall
10:49 Scout Tower
10:52 Cannon Tower
10:55 Arcane Sanctum
10:59 Arcane Sanctum
11:26 Scout Tower
11:28 Guard Tower
12:32 Town Hall
13:04 Barracks
13:08 Farm
13:14 Farm
13:21 Guard Tower
13:56 Altar of Kings
14:01 Farm
14:51 Scout Tower
15:04 Scout Tower
15:27 Cannon Tower
15:31 Scout Tower
15:33 Scout Tower
15:35 Guard Tower
15:59 Guard Tower
16:02 Guard Tower
16:06 Scout Tower
16:09 Scout Tower
16:56 Guard Tower
17:46 Barracks
17:51 Arcane Sanctum
17:55 Barracks
18:33 Gryphon Aviary
18:36 Gryphon Aviary
» items
team 2 (loser)
IamZeus (
green | 58 APM | 1016 actions | 17:37)
4 Archmage
1 Summon Water Elemental
1 Brilliance Aura
2 Blizzard
2 Mountain King
1 Storm Bolt
1 Bash
» actions
| Assign group hotkey | 52 | |
| Basic commands | 75 | |
| Build / train | 64 | |
| Enter build submenu | 23 | |
| Enter hero's abilities submenu | 6 | |
| Give item / drop item | 2 | |
| Right click | 322 | |
| Select / deselect | 277 | |
| Select group hotkey | 118 | |
| Use ability | 77 | |
1016 total
» units
| Peasant | 11 | |
| Footman | 7 | |
| Rifleman | 6 | |
| Mortar Team | 6 | |
| Sorceress | 3 | |
| Priest | 3 | |
36 total
» upgrades
| Gunpowder | 2 | |
| Long Rifles | 1 | |
| Armor | 2 | |
| Flare | 1 | |
| Fragmentation Shards | 1 | |
| Priest Training | 1 | |
8 total
» buildings
| Altar of Kings | 1 | |
| Farm | 10 | |
| Barracks | 1 | |
| Lumber Mill | 1 | |
| Blacksmith | 1 | |
| Arcane Vault | 1 | |
| Keep | 2 | |
| Scout Tower | 5 | |
| Guard Tower | 2 | |
| Workshop | 1 | |
| Arcane Sanctum | 1 | |
| Castle | 1 | |
27 total
» build order
00:09 Altar of Kings
00:13 Farm
00:23 Barracks
00:40 Farm
01:17 Lumber Mill
02:06 Blacksmith
02:28 Farm
02:50 Arcane Vault
03:48 Keep
03:49 Keep
03:59 Farm
04:02 Scout Tower
04:05 Scout Tower
05:01 Scout Tower
05:06 Guard Tower
05:09 Scout Tower
05:44 Guard Tower
05:52 Farm
06:57 Workshop
07:12 Arcane Sanctum
07:23 Farm
08:15 Farm
08:20 Scout Tower
09:04 Farm
10:36 Farm
13:27 Castle
14:52 Farm
» items
| Scroll of Regeneration | 2 | |
| Potion of Healing | 1 | |
| Scroll of Town Portal | 1 | |
4 total

»
pauladeen. (
orange | 111 APM | 1893 actions | 17:01)
3 Priestess of the Moon
2 Trueshot Aura
1 Scout
2 Keeper of the Grove
1 Entangling Roots
1 Force of Nature
» actions
| Assign group hotkey | 19 | |
| Basic commands | 16 | |
| Build / train | 59 | |
| Enter build submenu | 17 | |
| Enter hero's abilities submenu | 5 | |
| Remove unit from queue | 1 | |
| Right click | 833 | |
| Select / deselect | 303 | |
| Select group hotkey | 597 | |
| Use ability | 43 | |
1893 total
» units
» upgrades
| Improved Bows | 1 | |
| Strength of the Moon | 1 | |
| Marksmanship | 1 | |
3 total
» buildings
| Ancient of War | 2 | |
| Moon Well | 10 | |
| Altar of Elders | 1 | |
| Tree of Ages | 1 | |
| Hunter's Hall | 2 | |
| Ancient of Wonders | 1 | |
| Tree of Eternity | 1 | |
| Ancient of Wind | 1 | |
| Tree of Life | 1 | |
20 total
» build order
00:09 Ancient of War
00:11 Moon Well
00:16 Moon Well
01:09 Moon Well
01:44 Ancient of War
02:17 Altar of Elders
03:16 Moon Well
05:05 Tree of Ages
05:43 Moon Well
06:55 Moon Well
07:11 Hunter's Hall
07:19 Ancient of Wonders
09:45 Tree of Eternity
10:07 Ancient of Wind
13:32 Tree of Life
14:32 Moon Well
14:33 Moon Well
14:46 Hunter's Hall
15:55 Moon Well
15:56 Moon Well
Tanker_Incident (
yellow | 60 APM | 1083 actions | 18:02)
1 Archmage
1 Brilliance Aura
2 Blood Mage
1 Flame Strike
1 Banish
» actions
| Assign group hotkey | 13 | |
| Basic commands | 52 | |
| Build / train | 66 | |
| ESC pressed | 5 | |
| Enter build submenu | 39 | |
| Enter hero's abilities submenu | 3 | |
| Give item / drop item | 1 | |
| Right click | 368 | |
| Select / deselect | 300 | |
| Select group hotkey | 166 | |
| Use ability | 70 | |
1083 total
» units
| Peasant | 14 | |
| Goblin Shredder | 2 | |
| Goblin Sapper | 1 | |
| Siege Engine | 5 | |
22 total
» upgrades
| Masonry | 3 | |
| Lumber Harvesting | 2 | |
| Barrage | 1 | |
| Gunpowder | 2 | |
| Plating | 2 | |
10 total
» buildings
| Altar of Kings | 1 | |
| Scout Tower | 11 | |
| Lumber Mill | 1 | |
| Arcane Tower | 2 | |
| Farm | 8 | |
| Arcane Vault | 4 | |
| Guard Tower | 9 | |
| Blacksmith | 2 | |
| Keep | 1 | |
| Town Hall | 1 | |
| Workshop | 4 | |
| Castle | 1 | |
45 total
» build order
00:08 Altar of Kings
00:12 Scout Tower
00:28 Lumber Mill
00:42 Arcane Tower
01:36 Scout Tower
01:56 Farm
02:41 Farm
03:12 Arcane Vault
03:39 Scout Tower
03:41 Guard Tower
04:13 Guard Tower
04:37 Scout Tower
04:53 Blacksmith
05:37 Arcane Tower
05:39 Scout Tower
05:47 Keep
05:50 Farm
06:02 Blacksmith
06:46 Guard Tower
08:17 Town Hall
08:31 Farm
08:33 Farm
08:37 Farm
09:33 Guard Tower
09:44 Workshop
10:03 Workshop
10:51 Castle
10:55 Workshop
11:03 Scout Tower
11:40 Scout Tower
11:46 Arcane Vault
11:49 Guard Tower
11:54 Arcane Vault
12:28 Guard Tower
12:33 Scout Tower
13:10 Scout Tower
13:11 Guard Tower
13:13 Scout Tower
13:44 Guard Tower
14:01 Arcane Vault
14:03 Workshop
14:34 Guard Tower
16:14 Scout Tower
16:16 Farm
16:18 Farm
» items
| Scroll of Regeneration | 3 | |
| Lesser Clarity Potion | 3 | |
| Mechanical Critter | 2 | |
| Ivory Tower | 5 | |
| Potion of Healing | 1 | |
| Staff of Sanctuary | 1 | |
15 total

»
THISISSIMCITY (
blue | 73 APM | 1354 actions | 18:39)
2 Death Knight
1 Unholy Aura
1 Death Coil
» actions
| Assign group hotkey | 14 | |
| Basic commands | 5 | |
| Build / train | 43 | |
| Enter build submenu | 75 | |
| Enter hero's abilities submenu | 2 | |
| Give item / drop item | 1 | |
| Right click | 511 | |
| Select / deselect | 374 | |
| Select group hotkey | 268 | |
| Use ability | 57 | |
1354 total
» units
» buildings
| Ziggurat | 40 | |
| Crypt | 1 | |
| Altar of Darkness | 2 | |
| Graveyard | 1 | |
| Nerubian Tower | 12 | |
| Tomb of Relics | 2 | |
| Spirit Tower | 14 | |
| Halls of the Dead | 1 | |
73 total
» build order
00:29 Ziggurat
00:35 Ziggurat
00:54 Crypt
01:23 Altar of Darkness
01:27 Ziggurat
02:21 Ziggurat
03:09 Ziggurat
03:14 Ziggurat
03:16 Ziggurat
03:29 Ziggurat
04:31 Graveyard
04:39 Nerubian Tower
05:40 Ziggurat
06:27 Ziggurat
06:28 Ziggurat
06:29 Ziggurat
06:30 Ziggurat
06:43 Tomb of Relics
06:56 Ziggurat
06:58 Ziggurat
07:15 Nerubian Tower
08:08 Spirit Tower
08:39 Ziggurat
08:42 Ziggurat
10:15 Ziggurat
11:02 Ziggurat
11:06 Ziggurat
11:08 Nerubian Tower
12:47 Halls of the Dead
12:50 Ziggurat
12:51 Ziggurat
12:55 Ziggurat
13:02 Ziggurat
13:06 Ziggurat
13:15 Spirit Tower
13:16 Nerubian Tower
13:34 Ziggurat
14:06 Spirit Tower
14:06 Nerubian Tower
14:08 Spirit Tower
14:08 Nerubian Tower
14:46 Ziggurat
14:48 Ziggurat
14:52 Tomb of Relics
14:54 Nerubian Tower
15:44 Ziggurat
15:45 Ziggurat
15:49 Ziggurat
15:50 Ziggurat
16:01 Ziggurat
16:02 Ziggurat
16:04 Ziggurat
16:27 Ziggurat
16:29 Ziggurat
16:30 Ziggurat
16:40 Spirit Tower
16:41 Spirit Tower
16:43 Nerubian Tower
16:43 Nerubian Tower
16:50 Ziggurat
16:51 Ziggurat
16:55 Spirit Tower
16:57 Nerubian Tower
16:58 Spirit Tower
17:21 Spirit Tower
17:22 Nerubian Tower
17:24 Spirit Tower
17:24 Spirit Tower
17:38 Altar of Darkness
17:42 Spirit Tower
17:43 Nerubian Tower
18:01 Spirit Tower
18:02 Spirit Tower
» items
Chat log
(00:11 / All) THISISSIMCITY: hello!
(00:15 / All) THISISSIMCITY: we are peaceful settlers
(00:16 / All) Tanker_Incident: hi!
(00:21 / All) Tanker_Incident: lol cool me2
(00:27 / Allies) NoPeaCe.: rush
(00:28 / All) SIMCITYGOD: This is a beautiful land.
(00:34 / All) Tanker_Incident: and we will thrive
(00:39 / All) SIMCITYGOD: We should not shed blood in such paradise.
(00:39 / All) Tanker_Incident: we will rule over all this land
(00:40 / All) THISISSIMCITY: and we shall call it... this land
(00:45 / All) Rottweiler83: with the help of your mother
(00:58 / Allies) Rottweiler83: rush??
(01:03 / All) Tanker_Incident: I THINK WE SHOULD CALL IT YOUR GRAVE!
(01:06 / Allies) NoPeaCe.: yeah
(01:10 / All) THISISSIMCITY: AH
(01:11 / Allies) dannyglover: k
(01:16 / All) THISISSIMCITY: CURSE YOUR SUDDEN BUT INEVITABLE BETRAYAL
(01:18 / All) Tanker_Incident: HAHAHA
(01:24 / All) Tanker_Incident: MINE IS AN EVIL LAUGH, NOW DIE!
(02:02 / All) Tanker_Incident: I wanted to see thaat movie 24
(02:09 / All) Tanker_Incident: cause it had alan tudyk in it
(02:13 / All) Tanker_Incident: but totally missed it
(02:29 / All) NoPeaCe.: alan twodick, the pornstar?
(02:34 / All) Tanker_Incident: yeah
(02:40 / All) SIMCITYGOD: I like to play movies.
(02:44 / All) SIMCITYGOD: not watch them.
(02:53 / All) THISISSIMCITY: like ryse?
(03:07 / All) Tanker_Incident: rofl he got u good crytek
(03:11 / All) NoPeaCe.: There is a mysterious yellowish goo trickling out of my anal cavity.
(03:19 / All) NoPeaCe.: Help me, Alice!
(03:32 / Allies) dannyglover: they rushing
(03:51 / All) THISISSIMCITY: OH GOD
(03:52 / All) THISISSIMCITY: HELP
(03:54 / All) THISISSIMCITY: INTRUDERS
(04:17 / All) Rottweiler83: i need your drugs
(04:21 / All) SIMCITYGOD: SOMEBODY SAVE HIM.
(04:48 / All) THISISSIMCITY: THEY'VE LEVELED AN ENTIRE BLOCK
(04:55 / All) THISISSIMCITY: THESE MONSTERS
(05:00 / All) THISISSIMCITY: I'M DEPLOYING THE TOWN GUARD
(05:05 / All) Tanker_Incident: I know water towers can stop aliens
(05:09 / All) Tanker_Incident: but I don't know if zombie mode lets you
(05:11 / All) Tanker_Incident: build them
(05:38 / Allies) NoPeaCe.: teal, blue can coil
(05:46 / All) THISISSIMCITY: WE'VE DRIVEN THEM BACK
(05:51 / All) THISISSIMCITY: BUT WITH HEAVY CIVILIAN CASUALTIES
(05:54 / All) Tanker_Incident: Lol sweet
(06:09 / All) SIMCITYGOD: Bring in the war tribunal.
(06:20 / All) THISISSIMCITY: we must try them for their crimes
(06:33 / All) THISISSIMCITY: we will rebuild
(06:47 / Allies) NoPeaCe.: i cant beat foot/archers
(06:52 / Allies) NoPeaCe.: using fiends, guys
(06:58 / Allies) NoPeaCe.: i think we're done :\
(07:10 / Allies) NoPeaCe.: ill try for wyrms, i guess
(07:14 / Allies) dannyglover: creep
(07:16 / Allies) dannyglover: dont sit
(07:43 / Allies) Rottweiler83: teal archer in base
(08:43 / All) Tanker_Incident: oh no!
(08:48 / All) Tanker_Incident: not.... that guy!
(08:54 / All) Tanker_Incident: I miss him already
(12:19 / Allies) NoPeaCe.: out
(12:42 / All) Tanker_Incident: nooooo.
(12:43 / Allies) NoPeaCe.: OUT
(13:01 / Allies) NoPeaCe.: poink
(13:04 / Allies) NoPeaCe.: oh my god
(13:06 / Allies) NoPeaCe.: oh my god
(13:07 / Allies) NoPeaCe.: why
(13:13 / Allies) NoPeaCe.: why the fuck do i get allies like this
(13:14 / Allies) NoPeaCe.: jesus
(13:20 / Allies) Rottweiler83: lol sorry bro
(13:21 / Allies) dannyglover: lol
(13:26 / Allies) NoPeaCe.: stfu
(13:29 / All) Tanker_Incident: THIS IS MY CITY
(13:31 / All) Tanker_Incident: NOOOOO
(13:34 / Allies) Rottweiler83: stoned
(13:38 / Allies) Rottweiler83: thought i had back up
(13:39 / Allies) Rottweiler83: lol
(14:19 / Allies) dannyglover: b
(14:39 / Allies) Rottweiler83: clear please
(15:15 / Allies) NoPeaCe.: lets go
(15:16 / Allies) NoPeaCe.: lust me
(15:28 / Allies) NoPeaCe.: shams come
(15:32 / Allies) NoPeaCe.: PINK
(15:32 / Allies) NoPeaCe.: LEAVE
(15:34 / Allies) NoPeaCe.: IF YOU CANT PLAY
(15:36 / Allies) NoPeaCe.: OR SHARE CONTROL
(15:40 / Allies) NoPeaCe.: YOU ARE GIVING AWAY THE GAME
(15:41 / Allies) NoPeaCe.: 3V2
(15:57 / Allies) NoPeaCe.: pink
(16:00 / Allies) NoPeaCe.: you are losing the game
(16:02 / Allies) NoPeaCe.: do you understand?
(16:10 / Allies) Rottweiler83: relax
(16:20 / Allies) NoPeaCe.: PINK
(16:22 / Allies) NoPeaCe.: TELEPORT
(16:24 / Allies) NoPeaCe.: YOU JUNKIE IDIOT
(16:51 / All) Tanker_Incident: sorry purple
(16:57 / All) Tanker_Incident: didn't see you there
(17:02 / All) IamZeus: waste of time
(17:09 / All) IamZeus: playing battle net any more
(17:18 / All) THISISSIMCITY: it seems our teammates have lost faith
(17:32 / All) SIMCITYGOD: lost faith in the ways of the light.
(17:34 / All) Tanker_Incident: see you in a week!
(17:52 / All) Tanker_Incident: yeah I think we're done her elol
(18:07 / All) THISISSIMCITY: primary objective
(18:09 / All) THISISSIMCITY: success
(18:13 / All) THISISSIMCITY: secondary objective
(18:14 / All) THISISSIMCITY: success
(18:27 / Allies) dannyglover: 20 GOLD FOR TH
(18:28 / Allies) dannyglover: plz
(18:34 / All) THISISSIMCITY: call it a win